 Dungeon Crawl Stone Soup version 0.25-a0-785-gb22c70e (webtiles) character file.

Game seed: 6271027828988959174, levelgen mode: deterministic

45 estrumekk the Skirmisher (level 3, -2/33 HPs)
             Began as a Minotaur Fighter on Apr 17, 2020.
             Killed from afar by Sigmund (6 damage)
             ... with a puff of flame
             ... on level 2 of the Dungeon.
             The game lasted 00:23:30 (1383 turns).

estrumekk the Skirmisher (Minotaur Fighter)         Turns: 1383, Time: 00:23:30

Health: -2/33      AC:  5    Str: 20    XL:     3   Next: 42%
Magic:  2/2        EV:  8    Int:  5    God:
Gold:   88         SH:  0    Dex: 10    Spells: 2/2 levels left

rFire    . . .     SeeInvis .   a - +1 war axe
rCold    . . .     Gourm    .   c - +0 kite shield
rNeg     . . .     Faith    .   i - +0 ring mail (curse)
rPois    .         Spirit   .   (helmet unavailable)
rElec    .         Reflect  .   (no cloak)
rCorr    .         Harm     .   (no gloves)
MR       .....     Rnd*Tele +   (no boots)
Stlth    ..........             (no amulet)
HPRegen  0.11/turn              (no ring)
MPRegen  0.08/turn              (no ring)

@: confused, mighty
A: retaliatory headbutt, horns 3, teleportitis 1
a: no special abilities


You were on level 2 of the Dungeon.
You were not hungry.

You visited 1 branch of the dungeon, and saw 2 of its levels.

You collected 88 gold pieces.

Inventory:

Hand Weapons
 a - a +1 war axe (weapon)
 k - a +0 short sword
 l - a +0 spear
Armour
 b - a +1 scale mail
 c - a +0 kite shield (worn)
 i - a cursed +0 ring mail (worn)
 m - a +0 ring mail
Scrolls
 e - a scroll of amnesia
 n - a scroll of enchant weapon
 o - a scroll of fog {unknown}
Potions
 g - 2 potions of stabbing
 h - a potion of haste
Comestibles
 f - 3 rations


   Skills:
 + Level 4.2 Fighting
 + Level 3.1 Axes
 + Level 4.2 Armour
 + Level 0.1 Dodging
 + Level 4.0 Shields


You had 2 spell levels left.
You didn't know any spells.
Your spell library was empty.

Dungeon Overview and Level Annotations

Branches:
Dungeon (2/15)

Altars:

Annotations:
D:2 Sigmund


Innate Abilities, Weirdness & Mutations

You reflexively headbutt those who attack you in melee.
You have a pair of large horns on your head.
You are occasionally teleported next to monsters.


Message History

Sigmund flickers and vanishes!
Deactivating autopickup; reactivate with Ctrl-A.
You closely miss something. Your headbutt misses something. Something hits you.
Something completely misses you.
You bump into the rock wall.
Something hits you!
* * * LOW HITPOINT WARNING * * *
You bump into the rock wall.
You are confused.
You are mighty.
Your movement speed is average.
Your attack speed is quite slow (and is slowed by your insufficient shield skill).
You bump into the rock wall.
You hear some strange, mumbled words.
You are more confused.
You're too confused to move!
Something hits you.
* * * LOW HITPOINT WARNING * * *
It was a potion of mutation.
You feel extremely strange.
You feel weirdly uncertain. The horns on your head grow some more.
You hear some strange, mumbled words.
A puff of flame appears from out of thin air!
The puff of flame hits you.
You die...

#.........###.†........
#......................
#......................
#......................
#...................... ..
#.........#............
..######## #'##
#.........### #........#
#.####..........# #........#
#@.{.'.†.)......# #........#
######..........# #........#
#####..........# #..).....#
#..............#
#........####..............#
#........#.........†.......#
#........).................#
#........#.................#
#........#.................#


There were no monsters in sight!

Vanquished Creatures
  An adder (D:2)
  2 dart slugs (D:2)
  2 leopard geckos (D:2)
  An orc (D:2)
  A bat (D:1)
  7 goblins
  A hobgoblin (D:1)
  5 jackals
  2 kobolds
  A quokka (D:2)
  A ball python (D:2)
  A plant (D:1)
25 creatures vanquished.

Notes
Turn   | Place    | Note
-------+----------+-------------------------------------------
     0 | D:1      | estrumekk the Minotaur Fighter began the quest for the Orb.
     0 | D:1      | Reached XP level 1. HP: 19/19 MP: 0/0
   115 | D:1      | Reached XP level 2. HP: 27/27 MP: 1/1
   897 | D:1      | Reached XP level 3. HP: 33/33 MP: 2/2
  1354 | D:2      | Noticed Sigmund
  1383 | D:2      | Gained mutation: You are occasionally teleported next to
                  | monsters. [potion of mutation]
  1383 | D:2      | Gained mutation: You have a pair of large horns on your
                  | head. [potion of mutation]
  1383 | D:2      | Killed from afar by Sigmund

Levels and vault maps discovered:
D:1:      onia_arrival_mini_maze_b, layout_loops_ring
D:2:      layout_basic, chequers_ecumenical_altar_island, first_ration,
          serial_bayou_pond_b, uniq_sigmund

Skill      XL: |  1  2  3 |
---------------+----------+-----
Fighting       | 4 |  4.2
Axes           | 3 |  3.1
Armour         | 4 |  4.2
Shields        | 4 |  4.0
Dodging        | |  0.1

Action                   || total
-------------------------++-------
Melee: War axe           ||    96
       Headbutt          ||    13
  Use: Scroll            ||     8
       Potion            ||     2
  Eat: Ration            ||     1
Armor: Scale mail        ||    11
       Ring mail         ||    11
Dodge: Dodged            ||    14
Block: Kite shield       ||    40

Table legend:
 A = Non-vault XP
 B = Vault XP
 C = Vault XP percentage of total XP
 D = Non-vault monster count
 E = Vault monster count
 F = Vault count percentage of total count
                 A         B        C        D         E       F
            +---------+---------+-------+---------+---------+-------
      Total |      63 |       2 |   3.1 |      23 |       1 |   4.2
            +---------+---------+-------+---------+---------+-------
        D:1 |      20 |       0 |   0.0 |      10 |       0 |   0.0
        D:2 |      43 |       2 |   4.4 |      13 |       1 |   7.1
            +---------+---------+-------+---------+---------+-------
